 Dungeon Crawl Stone Soup version 0.28-a0-823-gb444dcf96d (webtiles) character file.

Game seed: 4350158159309426147

165050 emperorscorpion the Cleaver (level 18, -13/132 HPs)
             Began as a Djinni Berserker on Nov 9, 2021.
             Was a High Priest of Trog.
             Mangled by a nagaraja (15 damage)
             ... on level 4 of the Snake Pit.
             The game lasted 01:27:57 (26469 turns).

emperorscorpion the Cleaver (Djinni Berserker)     Turns: 26469, Time: 01:27:58

Health: -13/132    AC: 32    Str: 28    XL:     18   Next: 50%
Gold:   2671       EV: 13    Int: 14    God:    Trog [*****.] SH: 20 Dex: 33

rFire   + + +      SeeInvis .   a - +3 broad axe (flame)
rCold   . . .      Faith    .   j - +4 kite shield of Dishonour {-Tele +Inv rCorr Str+6}
rNeg    . . .      Spirit   .   e - +10 plate armour of Giblytsu {Drain Dex+6}
rPois   ∞          Reflect  .   Q - +3 hat "Faitur" {rC+}
rElec   .          Harm     .   I - scarf {repulsion}
rCorr   +          Rampage  .   w - +2 pair of gloves
Will    +++..      NoTele   +   (boots unavailable)
Stlth   ..........              u - amulet of regeneration
HPRegen 2.32/turn               X - ring of the Sunfish {rF+ rCorr Str+6 Dex+5}
MPRegen 0.00/turn               t - +6 ring of dexterity

@: weakened, strong-willed, flying, regenerating, repel missiles
A: sickness immunity, fire resistance 3, cold vulnerability 1, float, innate
caster, hp casting, extra vitality 1
a: Renounce Religion, Evoke Invisibility, Berserk, Trog's Hand, Brothers in Arms


You were on level 4 of the Snake Pit.
You worshipped Trog.
Trog was extremely pleased with you.
You visited 5 branches of the dungeon, and saw 28 of its levels.
You visited the Abyss 1 time.
You also visited: Ossuary, Ice Cave and Volcano.

You collected 5145 gold pieces.
You spent 2474 gold pieces at shops.

Inventory:

Hand Weapons
 a - a +3 broad axe of flaming (weapon)
 b - the +7 mace of Variability {chain chaos}
   (You found it on level 10 of the Dungeon)

   Each time it hits an enemy it has a different, random effect.
   It occasionally unleashes arcs of chaos on nearby creatures upon striking a
   foe.
 r - a +2 broad axe of pain
Missiles
 E - 6 javelins
 G - 2 throwing nets
 M - 4 atropa-tipped darts
Armour
 e - the +10 plate armour of Giblytsu (worn) {Drain Dex+6}
   (You bought it in a shop on level 2 of the Orcish Mines)

   Dex:       It affects your dexterity (+6).
   Drain:     It drains your maximum health when unequipped.
 j - the +4 kite shield of Dishonour (worn) {-Tele +Inv rCorr Str+6}
   (You acquired it on level 2 of the Orcish Mines)

   Str:       It affects your strength (+6).
   +Inv:      It lets you turn invisible.
   -Tele:     It prevents most forms of teleportation.
   rCorr:     It protects you from acid and corrosion.
 k - a +2 kite shield of cold resistance
 w - a +2 pair of gloves (worn)
 B - a scarf of resistance
 I - a scarf of repulsion (worn)
 O - the +2 plate armour "Acoreple" {+Blink rElec rPois rF+}
   (You found it on level 2 of the Abyss)

   rF:        It protects you from fire.
   rElec:     It insulates you from electricity.
   rPois:     It protects you from poison.
   +Blink:    It lets you blink.
 Q - the +3 hat "Faitur" (worn) {rC+}
   (You found it on level 1 of the Orcish Mines)

   rC:        It protects you from cold.
Jewellery
 g - a ring of protection from cold
 t - a +6 ring of dexterity (right hand)
 u - an amulet of regeneration (around neck)
 A - a ring of see invisible
 U - a +6 ring of intelligence
 V - an amulet of reflection
 X - the ring of the Sunfish (left hand) {rF+ rCorr Str+6 Dex+5}
   (You took it off a fire giant on level 10 of the Dungeon)

   [ring of strength]

   Str:       It affects your strength (+6).
   Dex:       It affects your dexterity (+5).
   rF:        It protects you from fire.
   rCorr:     It protects you from acid and corrosion.
Wands
 s - a wand of paralysis (11)
 y - a wand of charming (20) (quivered)
 z - a wand of acid (2)
 C - a wand of polymorph (10)
 T - a wand of flame (39)
Scrolls
 c - 3 scrolls of immolation
 d - 10 scrolls of teleportation
 f - 2 scrolls of fear
 h - 13 scrolls of identify
 m - 2 scrolls of summoning
 v - 6 scrolls of fog
 x - a scroll of holy word
 F - 7 scrolls of blinking
 R - a scroll of magic mapping
Potions
 l - 5 potions of resistance
 o - 3 potions of heal wounds
 p - 9 potions of curing
 q - 7 potions of ambrosia
 H - 5 potions of might
 J - 2 potions of invisibility
 L - 3 potions of berserk rage
 Y - 5 potions of haste
 Z - a potion of cancellation
Miscellaneous
 i - a condenser vane (inert)
 n - a box of beasts
 D - a phantom mirror
 S - a phantom mirror
 W - a lightning rod (1/4)


   Skills:
 + Level 13.2 Fighting
 + Level 14.0(16.1) Axes
 + Level 7.4(11.6) Maces & Flails
 + Level 10.7(13.8) Polearms
 + Level 0.1(0.8) Slings
 + Level 1.4 Throwing
 + Level 12.2 Armour
 + Level 5.9 Dodging
 - Level 2.2 Stealth
 + Level 11.9 Shields
 * Level 8.4 Evocations


You couldn't memorise any spells.
You knew the following spells:

 Your Spells              Type           Power      Damage    Failure   Level
a - Sandblast             Erth           0%         2d4       97%         1
b - Poisonous Vapours     Pois/Air       0%         N/A       99%         2
c - Call Canine Familiar  Summ           0%         N/A       100%        3
d - Lesser Beckoning      Tloc           0%         N/A       100%        3
e - Fireball              Conj/Fire      0%         3d3       100%        5
f - Alistair's Intoxicat  Tmut/Pois      0%         N/A       100%        5
g - Conjure Ball Lightni  Conj/Air       0%         3x3d6     100%        6
h - Statue Form           Tmut/Erth      0%         N/A       100%        6
Your spell library was empty.


Dungeon Overview and Level Annotations

Branches:
Dungeon (15/15)            Temple (0/1) D:6            Lair (6/6) D:10
 Shoals (0/4) Lair:2        Snake (4/4) Lair:2        Slime (0/5) Lair:6
    Orc (2/2) D:11            Elf (0/3) Orc:2        Vaults (0/5) D:13
 Depths (1/4) D:15        Ossuary (visited)           IceCv (visited)
Volcano (visited)

Altars:
Hepliaklqana
Trog
Xom
Jiyva

Shops:
D:3 *   D:4 (   D:12 =   D:14 [   Orc:2 (=[?   Snake:3 =


Innate Abilities, Weirdness & Mutations

You are immune to sickness and miasma.
You are immune to poison.
Your flesh is almost immune to the effects of heat. (rF+++)
You are vulnerable to cold. (rC-)
You float through the air rather than walking.
You learn spells naturally, not from books.
Your magical power is your life essence.
You have superior vitality. (+4 HP)


Message History

The naga sharpshooter seems to speed up.
You block the nagaraja's attack.
Unknown command.
Aiming: Thunderbolt
Press: ? - help, Shift-Dir - straight line, f/p - naga warrior
Aim: a naga warrior, wielding a +0 mace (severely wounded, constricting you, fast, concentrated venom, catching its breath)
The thunderbolt hits the naga warrior!!
You kill the naga warrior!
Trog accepts your kill.
The thunderbolt hits the naga sharpshooter!!
The naga sharpshooter is severely wounded.
The thunderbolt hits the naga ritualist!!
The naga ritualist is heavily wounded.
The thunderbolt hits the naga mage!!
The naga mage is heavily wounded.
The nagaraja hits you from afar with a +0 spear!!
* * * LOW HITPOINT WARNING * * *
The naga mage mumbles some strange words.
The naga mage seems to speed up.
The salamander mystic is engulfed in poison gas.
The salamander mystic looks as sick as possible!
You kill the salamander mystic!
Trog accepts your kill.
Trog appreciates your killing of a magic user.
The naga sharpshooter spits poison at you.
You block the splash of poison.
Unknown command.
Your deep troll goes berserk!
The nagaraja spits poison at you. You block the splash of poison.
The naga mage gestures at the naga mage while chanting.
The naga mage seems to grow toxic.
The naga sharpshooter casts a spell.
The naga sharpshooter magically shoots an arrow.
The arrow hits you!
* * * LOW HITPOINT WARNING * * *
The naga ritualist spits poison at you.
The splash of poison is repelled.
The nagaraja hits you from afar with a +0 spear!
You die...

#.# #.# #.#
#.# #.##
#..# ##'
##.# #....
#†###NN....
#T'@)NN°☼..
#####NNN...
# #.... #
##' . # #


You could see a nagaraja (fast, strong, catching breath), a naga sharpshooter
(fast, strong, curare, catching breath, ally target), 3 naga ritualists, 2 naga
magi and a friendly deep troll (summoned, berserk).

Vanquished Creatures
  Jorgrun (Orc:2)
  2 tentacled starspawn (Abyss:2)
  Kirke (D:13)
  A nagaraja (Snake:4)
  Roxanne (D:14)
  A fire giant (D:10)
  A ghoul (D:13)
  A white draconian (Abyss:2)
  Snorg (D:12)
  2 fire dragons
  An ice dragon (IceCv)
  A spriggan air mage (Depths:1)
  2 salamander tyrants (Snake:4)
  A boulder beetle (Lair:3)
  Erica (D:8)
  9 hydras
  15 naga warriors
  A great orb of eyes (Abyss:2)
  A death knight (D:10)
  2 centaur warriors
  6 two-headed ogres
  A dancing weapon (Volcano)
  4 anacondas
  7 shock serpents
  5 orc high priests (Orc:2)
  2 tengu warriors
  Sonja (D:13)
  Urug (D:13)
  6 naga sharpshooters
  7 skeletal warriors
  5 salamander mystics
  4 sea snakes (Snake:2)
  3 naga ritualists
  A deep elf archer (D:10)
  A lindwurm (Lair:6)
  7 wizards
  A deep elf pyromancer (D:13)
  2 necromancers
  An orc sorcerer (D:15)
  7 orc knights
  2 wolf spider zombies (D:15)
  6 mana vipers
  3 deep elf zephyrmancers
  4 manticores
  5 ugly things
  6 cyclopes
  An oklob plant (Lair:2)
  19 centaur zombies
  4 guardian serpents
  5 toenail golems (Volcano)
  11 salamanders
  Joseph (D:7)
  9 elephants
  29 black mambas
  2 ice statues (IceCv)
  15 naga magi
  10 cane toads
  2 gargoyles (D:13)
  7 torpor snails (Lair:6)
  2 unseen horrors
  A rime drake (shapeshifter) (D:14)
  6 kobold demonologists
  5 rime drakes
  6 komodo dragons
  A yaktaur (shapeshifter) (D:13)
  A queen bee (Lair:3)
  10 hornets
  4 tyrant leeches (Lair:6)
  7 trolls
  6 blink frogs (Lair:6)
  4 slime creatures (D:15)
  Grinder (D:5)
  11 dream sheep
  2 centaur simulacra (D:15)
  A meliai zombie (D:13)
  2 shadows (D:11)
  2 wraiths
  A water elemental (D:14)
  8 redbacks (D:12)
  A vampire (D:10)
  4 wyverns
  43 yaks
  6 hogs (D:13)
  2 steam dragons
  5 basilisks
  5 golden eyes (Abyss:2)
  2 chaos spawn (D:10)
  8 vampire mosquitoes
  2 large abominations (Abyss:2)
  A neqoxec (Abyss:2)
  Menkaure (Ossuary)
  A two-headed ogre zombie (D:11)
  2 acid dragons
  A warg (Orc:1)
  34 nagas
  8 water moccasins
  A swamp drake (Orc:1)
  28 orc warriors
  6 black bears
  An ice beast (D:7)
  A necrophage (D:5)
  8 wolves (Lair:5)
  8 centaurs
  10 ogres
  4 boggarts (D:13)
  A phantom (D:11)
  3 kobold brigands (D:12)
  7 bullfrogs
  2 gnoll sergeants
  2 wyvern skeletons
  33 killer bees
  3 small abominations (Abyss:2)
  A lindwurm simulacrum (IceCv)
  4 electric eels
  6 wights
  8 howler monkeys
  A crimson imp (Orc:1)
  4 komodo dragon simulacra (IceCv)
  6 hounds
  2 jellies (D:6)
  2 centaur skeletons
  22 orc priests
  5 iron imps
  A gnoll shaman (Orc:1)
  2 iguanas
  22 orc wizards
  9 hell rats
  7 ogre zombies (D:11)
  5 mummies
  A howler monkey zombie (D:9)
  12 gnolls
  10 acid dragon simulacra (IceCv)
  9 adders
  11 river rats (Lair:1)
  A shadow imp (Orc:1)
  15 white imps
  3 ufetubi
  6 steam dragon simulacra (IceCv)
  An adder skeleton (D:4)
  A worm (D:2)
  2 dart slugs
  77 orcs
  6 bats
  7 endoplasms
  4 giant cockroaches
  6 goblins
  11 hobgoblins
  5 quokkas
  6 ball pythons
  6 frilled lizards
  7 gnoll skeletons (Ossuary)
  2 gnoll zombies (Ossuary)
  7 goblin skeletons
  7 goblin zombies
  4 hobgoblin skeletons
  8 hobgoblin zombies
  14 kobolds
  3 kobold skeletons (Ossuary)
  4 kobold zombies (Ossuary)
  4 orc skeletons
  20 orc zombies
  6 rats
  4 rat skeletons (Ossuary)
  5 rat zombies (Ossuary)
  2 starspawn tentacles (Abyss:2)
988 creatures vanquished.

Vanquished Creatures (collateral kills)
  Agnes (D:15)
  Nessos (Lair:5)
  A naga warrior (Snake:4)
  An ice dragon (D:9)
  A naga sharpshooter (Snake:4)
  A hell knight (D:15)
  A deep troll (D:15)
7 creatures vanquished.

Vanquished Creatures (others)
  A naga warrior (Snake:4)
  A wizard (Depths:1)
  A naga (Snake:3)
  An orc warrior (D:15)
  2 orcs (D:15)
  10 bushes (D:15)
  20 fungi
  74 plants
  3 starspawn tentacles (Abyss:2)
  4 withered plants (D:13)
117 creatures vanquished.

Grand Total: 1112 creatures vanquished

Notes
Turn   | Place    | Note
-------+----------+-------------------------------------------
     0 | D:1      | emperorscorpion the Djinni Berserker began the quest for
                  | the Orb.
     0 | D:1      | Reached XP level 1. HP: 20/20 MP: 0/0
   335 | D:1      | Reached XP level 2. HP: 25/25 MP: 0/0
   343 | D:1      | Found a faded altar of an unknown god.
   748 | D:1      | Reached XP level 3. HP: 30/30 MP: 0/0
   748 | D:1      | Learned a level 1 spell: Sandblast
   841 | D:1      | Reached ** piety under Trog
  1105 | D:2      | Reached skill level 1 in Polearms
  1105 | D:2      | Reached XP level 4. HP: 35/35 MP: 0/0
  1558 | D:2      | Reached XP level 5. HP: 39/40 MP: 0/0
  1558 | D:2      | Learned a level 2 spell: Poisonous Vapours
  1900 | D:3      | Found Lusott's General Store.
  1931 | D:3      | Bought a potion of heal wounds for 70 gold pieces
  2259 | D:3      | Reached *** piety under Trog
  2642 | D:4      | Noticed a black bear
  2651 | D:4      | Killed a black bear
  2652 | D:4      | Reached skill level 1 in Stealth
  2652 | D:4      | Reached XP level 6. HP: 47/47 MP: 0/0
  2779 | D:4      | Identified the +6 short sword of Discretion {vorpal, Fly
                  | rC- rCorr}
  2841 | D:4      | Found Nafinu's Antique Weapon Boutique.
  2872 | D:4      | Noticed a black bear
  2884 | D:4      | Killed a black bear
  2885 | D:4      | Reached XP level 7. HP: 37/52 MP: 0/0
  2885 | D:4      | Learned a level 3 spell: Call Canine Familiar
  3016 | D:5      | Entered Level 5 of the Dungeon
  3095 | D:5      | Found a sand-covered staircase.
  3104 | Ossuary  | Entered an ossuary
  3159 | Ossuary  | Reached **** piety under Trog
  3455 | Ossuary  | Reached ***** piety under Trog
  3487 | Ossuary  | Noticed Menkaure
  3492 | Ossuary  | Killed Menkaure
  3493 | Ossuary  | Reached XP level 8. HP: 58/58 MP: 0/0
  3527 | Ossuary  | Reached skill level 5 in Polearms
  3683 | D:5      | Reached skill level 5 in Fighting
  3743 | D:5      | Noticed Grinder
  3761 | D:5      | Killed Grinder
  3762 | D:5      | Reached XP level 9. HP: 65/65 MP: 0/0
  3762 | D:5      | Learned a level 3 spell: Lesser Beckoning
  4127 | D:5      | Noticed a troll
  4138 | D:5      | Killed a troll
  4471 | D:6      | Reached skill level 1 in Shields
  4612 | D:6      | Found a hazy altar of Hepliaklqana.
  4928 | D:6      | Found a staircase to the Ecumenical Temple.
  4997 | D:4      | Bought a translucent falchion for 192 gold pieces
  4997 | D:4      | Identified the +1 falchion "Goneuvvozun" {flame, rElec rF+
                  | Int+2} (You bought it in a shop on level 4 of the Dungeon)
  5186 | D:7      | Reached skill level 5 in Armour
  5204 | D:7      | Received a gift from Trog
  5205 | D:7      | Reached XP level 10. HP: 73/73 MP: 0/0
  5273 | D:7      | Noticed Joseph
  5292 | D:7      | Killed Joseph
  6325 | D:8      | Noticed Erica
  6340 | D:8      | Killed Erica
  6341 | D:8      | Reached skill level 1 in Throwing
  6735 | D:9      | Noticed a two-headed ogre
  6747 | D:9      | Killed a two-headed ogre
  6748 | D:9      | Reached XP level 11. HP: 38/79 MP: 0/0
  6748 | D:9      | Learned a level 5 spell: Fireball
  7343 | D:9      | Identified a scroll of acquirement
  7343 | D:9      | Acquired 647 gold pieces
  7403 | D:9      | Noticed an ice dragon
  7419 | D:9      | Killed an ice dragon
  7569 | D:10     | Entered Level 10 of the Dungeon
  7600 | D:10     | Noticed a sixfirhy
  7602 | D:10     | Received a gift from Trog
  7753 | D:10     | Noticed a fire dragon
  7771 | D:10     | Killed a fire dragon
  7772 | D:10     | Reached skill level 10 in Polearms
  7772 | D:10     | Reached skill level 5 in Shields
  7772 | D:10     | Reached skill level 1 in Evocations
  7905 | D:10     | Noticed a deep elf archer
  7909 | D:10     | Identified the ring of the Sunfish {rF+ rCorr Str+6 Dex+5}
  7909 | D:10     | Noticed a fire giant
  7918 | D:10     | Killed a deep elf archer
  7926 | D:10     | Noticed a death knight
  7927 | D:10     | Noticed a cyclops
  8068 | D:10     | Killed a cyclops
  8145 | D:10     | Identified the +1 mace of Xash {drain, rF+ Will+}
  8146 | D:10     | Identified the +0 leather armour of Integrity {Int+3}
  8184 | D:10     | Killed a fire giant
  8185 | D:10     | Reached XP level 12. HP: 88/88 MP: 0/0
  8241 | D:10     | Killed a death knight
  8356 | D:10     | Noticed a two-headed ogre
  8460 | D:10     | Noticed a two-headed ogre
  8468 | D:10     | Killed a two-headed ogre
  8593 | D:10     | Found the +7 mace of Variability {chain chaos}
  8596 | D:10     | Found a shimmering altar of Xom.
  8717 | D:10     | Killed a two-headed ogre
  8729 | D:10     | Reached skill level 1 in Maces & Flails
  8811 | D:10     | Found a staircase to the Lair.
  8934 | Lair:1   | Entered Level 1 of the Lair of Beasts
  9080 | Lair:1   | Noticed a seven-headed hydra
  9085 | Lair:1   | Killed a seven-headed hydra
  9191 | Lair:1   | Received a gift from Trog
  9680 | Lair:2   | Found a staircase to the Snake Pit.
  9878 | Lair:2   | Reached XP level 13. HP: 90/94 MP: 0/0
  9878 | Lair:2   | Learned a level 5 spell: Alistair's Intoxication
  9898 | Lair:2   | Found a staircase to the Shoals.
  9958 | Lair:2   | Noticed a seven-headed hydra
  9963 | Lair:2   | Killed a seven-headed hydra
 10063 | Lair:2   | Found a dark tunnel.
 10071 | Volcano  | Entered a volcano
 10088 | Volcano  | Reached skill level 5 in Maces & Flails
 10474 | Lair:2   | Noticed a four-headed hydra
 10482 | Lair:2   | Killed a one-headed hydra
 10516 | Lair:2   | Reached skill level 3 in Axes
 10516 | Lair:2   | Reached skill level 10 in Armour
 10794 | Lair:3   | Noticed a seven-headed hydra
 10806 | Lair:3   | Killed a one-headed hydra
 10987 | Lair:3   | Noticed a boulder beetle
 11004 | Lair:3   | Killed a boulder beetle
 11020 | Lair:3   | Found a frozen archway.
 11052 | IceCv    | Entered an ice cave
 11166 | IceCv    | Received a gift from Trog
 11350 | IceCv    | Noticed an ice dragon
 11355 | IceCv    | Reached skill level 4 in Axes
 11359 | IceCv    | Killed an ice dragon
 11507 | IceCv    | Identified the ring of the Lizard {rCorr Str+4}
 12168 | Lair:4   | Noticed a four-headed hydra
 12175 | Lair:4   | Killed a one-headed hydra
 12184 | Lair:4   | Reached skill level 10 in Fighting
 12275 | Lair:4   | Reached skill level 5 in Dodging
 12278 | Lair:4   | Reached XP level 14. HP: 95/103 MP: 0/0
 12279 | Lair:4   | Reached skill level 5 in Axes
 12414 | Lair:4   | Reached skill level 6 in Axes
 13086 | Lair:5   | Noticed Nessos
 13103 | Lair:5   | Killed Nessos
 13477 | Lair:5   | Reached skill level 7 in Axes
 13666 | Lair:5   | Received a gift from Trog
 13942 | Lair:6   | Entered Level 6 of the Lair of Beasts
 14399 | Lair:6   | Reached skill level 8 in Axes
 14603 | Lair:6   | Found a viscous altar of Jiyva.
 14604 | Lair:6   | Found a staircase to the Slime Pits.
 14637 | Lair:6   | Reached XP level 15. HP: 57/110 MP: 0/0
 14637 | Lair:6   | Learned a level 6 spell: Conjure Ball Lightning
 14911 | Lair:6   | Found a runed translucent door.
 15857 | D:11     | Reached skill level 9 in Axes
 15911 | D:11     | Reached ****** piety under Trog
 15925 | D:11     | Found a staircase to the Orcish Mines.
 15936 | D:11     | Received a gift from Trog
 15964 | Orc:1    | Entered Level 1 of the Orcish Mines
 16090 | Orc:1    | Identified the +3 hat "Faitur" {rC+}
 16370 | Orc:2    | Entered Level 2 of the Orcish Mines
 16473 | Orc:2    | Received a gift from Trog
 16664 | Orc:2    | Reached skill level 10 in Axes
 16847 | Orc:2    | Found a staircase to the Elven Halls.
 16866 | Orc:1    | Received a gift from Trog
 17125 | Orc:2    | Found a bloodstained altar of Trog.
 17138 | Orc:2    | Noticed Jorgrun
 17146 | Orc:2    | Killed Jorgrun
 17327 | Orc:2    | Found Taxo's Magic Scroll Shop.
 17330 | Orc:2    | Found Varhinn's Jewellery Boutique.
 17331 | Orc:2    | Found Hyureod's Antique Weapon Shop.
 17332 | Orc:2    | Found Weec Dos's Armour Shop.
 17338 | Orc:2    | Bought the +10 plate armour of Giblytsu {Drain Dex+6} for
                  | 1131 gold pieces
 17353 | Orc:2    | Bought a scroll of acquirement for 780 gold pieces
 17353 | Orc:2    | Acquired the +4 kite shield of Dishonour {-Tele +Inv rCorr
                  | Str+6}
 18076 | D:11     | Gained mutation: You sometimes lose the ability to read
                  | scrolls when taking damage. [potion of mutation]
 18076 | D:11     | Gained mutation: You are occasionally teleported next to
                  | monsters. [potion of mutation]
 18076 | D:11     | Gained mutation: Your flesh is almost immune to the effects
                  | of heat. (rF+++) [potion of mutation]
 18076 | D:11     | Gained mutation: You possess an exceptional clarity of
                  | mind. [potion of mutation]
 18109 | D:12     | Noticed Snorg
 18123 | D:12     | Killed Snorg
 18287 | D:12     | Found Esoen's Jewellery Boutique.
 18319 | D:12     | Acquired 989 gold pieces
 18343 | D:12     | Reached XP level 16. HP: 118/118 MP: 0/0
 18855 | D:13     | Noticed Kirke
 18879 | D:13     | Reached skill level 11 in Axes
 18887 | D:13     | Killed Kirke
 19010 | D:13     | Noticed Urug
 19026 | D:13     | Killed Urug
 19094 | D:13     | Noticed Sonja
 19101 | D:13     | Killed Sonja
 19188 | D:13     | Received a gift from Trog
 19335 | D:13     | Found a gate to the Vaults.
 19855 | D:14     | Found Zorusog's Antique Armour Emporium.
 19859 | D:14     | Bought a distressingly furry scale mail for 189 gold pieces
 19859 | D:14     | Identified the +6 scale mail of Polish {Will+ Str+3 Slay+3}
                  | (You bought it in a shop on level 14 of the Dungeon)
 19969 | D:14     | Identified Roxanne's Tome of the Rocks
 19969 | D:14     | Noticed Roxanne
 19990 | D:14     | Killed Roxanne
 20459 | D:15     | Entered Level 15 of the Dungeon
 20664 | D:15     | Reached skill level 12 in Axes
 20673 | D:15     | Reached skill level 10 in Shields
 20673 | D:15     | Reached skill level 5 in Evocations
 20679 | D:15     | Received a gift from Trog
 20953 | D:3      | Bought a potion of mutation for 112 gold pieces
 20953 | D:3      | Lost mutation: You sometimes lose the ability to read
                  | scrolls when taking damage. [potion of mutation]
 20953 | D:3      | Lost mutation: You possess an exceptional clarity of mind.
                  | [potion of mutation]
 20953 | D:3      | Lost mutation: You are occasionally teleported next to
                  | monsters. [potion of mutation]
 20953 | D:3      | Gained mutation: You are clumsy. (Dex -2) [potion of
                  | mutation]
 20953 | D:3      | Lost mutation: You are clumsy. (Dex -2) [potion of
                  | mutation]
 21284 | D:15     | Found a staircase to the Depths.
 21381 | D:15     | Noticed Agnes
 21389 | D:15     | Killed Agnes
 21469 | D:15     | Reached XP level 17. HP: 125/125 MP: 0/0
 21469 | D:15     | Learned a level 6 spell: Statue Form
 21863 | Depths:1 | Entered Level 1 of the Depths
 21916 | Depths:1 | Cast into level 2 of the Abyss (a wizard)
 22053 | Abyss:2  | Identified the +2 robe "Mizeer" {rF+ Str+4 Dex+3}
 22137 | Abyss:2  | Noticed a tentacled starspawn
 22145 | Abyss:2  | Killed a tentacled starspawn
 22206 | Abyss:2  | Noticed a tentacled starspawn
 22213 | Abyss:2  | Killed a tentacled starspawn
 22312 | Abyss:2  | Identified the +2 plate armour "Acoreple" {+Blink rElec
                  | rPois rF+}
 22319 | Depths:1 | Escaped the Abyss
 22542 | Snake:1  | Entered Level 1 of the Snake Pit
 22802 | Snake:1  | Received a gift from Trog
 23218 | Snake:2  | You are sucked into a shaft and drop 1 floor!
 23252 | Snake:3  | Reached skill level 13 in Axes
 23433 | Snake:3  | Found Geseul's Jewellery Shoppe.
 25457 | Snake:3  | Reached XP level 18. HP: 131/131 MP: 0/0
 25635 | Snake:3  | Received a gift from Trog
 25797 | Snake:4  | Entered Level 4 of the Snake Pit
 26417 | Snake:4  | Reached skill level 14 in Axes
 26469 | Snake:4  | HP: 2/132 [naga sharpshooter/arrow (11)]
 26469 | Snake:4  | Mangled by a nagaraja

Illustrated notes

Levels and vault maps discovered:
D:1:      dpeg_arrival_windows_large_door, layout_loops_ring,
          basic_ecumenical_altar, minmay_misc_feat_tiny,
          minmay_misc_feat_more_columns
D:2:      layout_basic, serial_aquarium, aquarium_bridge_square
          [aquarium_subvault_bridge, aquarium_subvault_wall,
          aquarium_subvault_window, aquarium_subvault_bridge],
          aquarium_bridge_straight [aquarium_subvault_bridge,
          aquarium_subvault_wall, aquarium_subvault_bridge,
          aquarium_subvault_wall], aquarium_window_corridor_2,
          aquarium_window_1, aquarium_window_1, aquarium_view_2d,
          minmay_pentomino_pile
D:3:      layout_loops_ring, serial_shops, nicolae_shop_statue_plus
D:4:      layout_basic, serial_shops, nicolae_shop_window_shopping
D:5:      layout_basic, nicolae_ossuary_entry_ruins, kennysheep_dice,
          uniq_grinder
D:6:      layout_loops_ring, worldfamousw_hep_ancestral_shrine,
          minmay_temple_entry_enclosed_plants, kennysheep_small_square
D:7:      layout_cave_pools, uniq_joseph
D:8:      layout_basic, uniq_erica
D:9:      layout_loops_ring, minmay_misc_feat_pillars, minmay_three_doors
D:10:     minmay_the_grid_plus [minmay_the_grid_minigrid_small,
          minmay_the_grid_tiny_cups, minmay_the_grid_pillar_ring,
          minmay_the_grid_dragon_a, minmay_the_grid_prize_diamond_cup],
          layout_rooms, david_lair_shrubbed, minmay_guarded_unrand_variability
D:11:     layout_basic, zombieorc2_lemuel
D:12:     layout_roguey, serial_shops, nicolae_shop_window_shopping,
          grunt_ministairs_8, drop_trap, uniq_snorg
D:13:     layout_long_grid, david_vaults_1, serial_undead, serial_undead_d,
          serial_undead_f, serial_undead_e, serial_undead_e, serial_undead_f,
          serial_undead_e, serial_undead_d, serial_undead_d, grunt_ministairs_8,
          uniq_kirke, uniq_sonja, uniq_urug
D:14:     layout_roguey, serial_shops, nicolae_shop_stone, nrook_pool_corridor,
          minmay_misc_feat_rugged, grunt_decor_mini_mirrors, uniq_roxanne
D:15:     grunt_enter_depths_magical_seal, layout_loops_ring,
          serial_park_square1 [serial_park_minivault_5x5_4], uniq_agnes
Lair:1:   layout_misc_corridors, minmay_holes, kennysheep_rathole
Lair:2:   layout_regular_city, shoals_dummy_entry, dummy_snake_entry,
          nicolae_volcano_entry_hallway, minivault_26, lemuel_fruit_fields
Lair:3:   layout_small_grid, portal_ice_cave_entry_imps, special_room
          [special_room_bee]
Lair:4:   layout_roguey
Lair:5:   layout_cellular_growth, wad_woods_river_01, uniq_nessos
Lair:6:   wormcave, layout_gridlike, slime_altar_1, grunt_megastairs_1
Snake:1:  layout_onion, grunt_ministairs_7
Snake:2:  layout_layer_cave, lemuel_fruit_tree, serial_bayou_shore_a
Snake:3:  layout_chambers, serial_shops, nicolae_stop_n_shop_1
Snake:4:  minmay_snake_end_coiled, layout_cave_town,
          nicolae_snake_magic_snake_eye
Orc:1:    layout_diamond_mine, hangedman_minor_magic
Orc:2:    st_orc_pillars, layout_diamond_mine, basic_altar, uniq_jorgrun
Depths:1: layout_twisted_cross, serial_shops, nicolae_lakefront_shop,
          minmay_misc_feat_iff, grunt_metal_band, guppyfry_shop_blood,
          kennysheep_random_hallway

Skill      XL: |  1  2  3  4  5  6  7  8  9 10 11 12 13 14 15 16 17 18 |
---------------+-------------------------------------------------------+-----
Polearms       | 1 2 3 4 6 8 9 10 | 10.7
Dodging        | 3 4 5 |  5.9
Armour         | 3 4 5 6 8 9 10 11 12 | 12.2
Stealth        | 1 2 |  2.2
Fighting       | 4 5 6 7 8 9 10 11 12 13 | 13.2
Shields        | 1 3 5 6 7 8 10 11 | 11.9
Throwing       | 1 |  1.4
Evocations     | 1 2 5 7 8 |  8.4
Maces & Flails | 4 7 |  7.4
Axes           | 4 8 10 12 13 14 | 14.0
Slings         | |  0.1

Action                   |  1- 3 |  4- 6 |  7- 9 | 10-12 | 13-15 | 16-18 || total
-------------------------+-------+-------+-------+-------+-------+-------++-------
Melee: Hand axe          |    13 |       |       |       |       |       ||    13
       Spear             |    65 |   204 |   411 |   497 |       |       ||  1177
       Great mace        |       |       |       |    96 |   133 |       ||   229
       Broad axe         |       |       |       |       |   879 |  1040 ||  1919
 Fire: Hunting sling     |       |       |     1 |       |       |       ||     1
Throw: Javelin           |       |       |       |    12 |       |       ||    12
       Dart              |       |       |       |       |     6 |       ||     6
Invok: Berserk           |     1 |     1 |     7 |    17 |    13 |     3 ||    42
       Trog's Hand       |       |       |       |     1 |     4 |     5 ||    10
       Brothers in Arms  |       |       |       |     2 |     2 |     4 ||     8
Evoke: Wand              |       |       |       |     8 |     9 |    19 ||    36
       Lightning rod     |       |       |       |       |     2 |     5 ||     7
       Condenser vane    |       |       |       |       |       |     2 ||     2
  Use: Scroll            |     2 |     5 |    12 |     9 |    12 |     2 ||    42
       Potion            |       |       |       |     1 |     1 |     3 ||     5
 Stab: Sleeping          |     1 |       |       |       |       |       ||     1
       Paralysed         |       |       |       |     4 |     4 |       ||     8
       Confused          |       |       |       |     1 |       |       ||     1
       Held in net/web   |       |       |       |     1 |       |       ||     1
       Distracted        |       |       |       |       |     1 |     2 ||     3
Armor: Animal skin       |     3 |       |       |       |       |       ||     3
       Scale mail        |    19 |    44 |       |       |       |       ||    63
       Chain mail        |       |    52 |    71 |   121 |   488 |       ||   732
       Plate armour      |       |       |   100 |   157 |    49 |   492 ||   798
Dodge: Dodged            |    32 |    89 |    71 |   119 |   503 |   374 ||  1188
       Repelled          |       |       |       |       |     1 |    38 ||    39
Block: Kite shield       |       |       |    38 |   179 |   746 |  1164 ||  2127

Table legend: (Time is in decaauts)
 A = Elapsed time spent in this place.
 B = Non-inter-level travel time spent in this place.
 C = Inter-level travel time spent in this place.
 D = Time resting spent in this place.
 E = Time spent auto-exploring this place.
 F = Levels seen in this place.
 G = Mean time per level.
                   A        B        C        D        E       F      G
               +--------+--------+--------+--------+--------+-----+--------+
         Total |  26927 |  24307 |   2620 |    481 |  17174 |  32 |  841.5 |
       Dungeon |  13188 |  11563 |   1625 |    191 |   8413 |  15 |  879.2 |
          Lair |   6309 |   5713 |    596 |     54 |   4283 |   6 | 1051.5 |
     Snake Pit |   3896 |   3666 |    230 |     57 |   2688 |   4 |  974.0 |
  Orcish Mines |   1651 |   1483 |    168 |     19 |    939 |   2 |  825.5 |
        Depths |    102 |    102 |      0 |      0 |     43 |   1 |  102.0 |
         Abyss |    400 |    400 |      0 |      0 |    282 |   1 |  400.0 |
       Ossuary |    449 |    449 |      0 |      0 |    195 |   1 |  449.0 |
      Ice Cave |    565 |    565 |      0 |    139 |    169 |   1 |  565.0 |
       Volcano |    365 |    365 |      0 |     21 |    161 |   1 |  365.0 |
               +--------+--------+--------+--------+--------+-----+--------+

Top non-repeatable levels by time:
  Lair:6: 1755 daAuts
 Snake:3: 1422 daAuts
    D:10: 1381 daAuts
 Snake:2: 1375 daAuts
  Lair:5: 1274 daAuts
     D:9: 1034 daAuts
     D:6: 1007 daAuts
   Orc:2: 996 daAuts
     D:1: 988 daAuts
    D:15: 947 daAuts
     D:2: 936 daAuts
    D:13: 888 daAuts
  Lair:3: 878 daAuts
     D:5: 875 daAuts
    D:14: 869 daAuts
